TOP OF THE 1ST |
Charleston RiverDogs batting - Pitching for Burlington Bees : RHP Chris Adams
|
Pitching: RHP Chris Adams
|
|
Batting: LHB Justin O'Neal
|
0-0: Ball 1-0: Swinging Strike 1-1: Ground out 6-3 (Groundball, 6MD, EV 81.9 MPH)
|
Batting: SHB Corey Penson
|
0-0: Ground out 1-3 (Groundball, 13S, EV 68.1 MPH)
|
Batting: LHB Steve LeGrand
|
0-0: Ball 1-0: Ball 2-0: Ball 3-0: Called Strike 3-1: Foul Ball, location: 2F 3-2: Ground out 4-3 (Groundball, 4S, EV 86.2 MPH)
|
Top of the 1st over - 0 runs, 0 hits, 0 errors, 0 left on base; Charleston 0 - Burlington 0 |
BOTTOM OF THE 1ST |
Burlington Bees batting - Pitching for Charleston RiverDogs : RHP Willie Perez
|
Pitching: RHP Willie Perez
|
|
Batting: RHB Nick Lombardo
|
0-0: Called Strike 0-1: Swinging Strike 0-2: Ball 1-2: Foul Ball, location: 2F 1-2: Ground out 6-3 (Groundball, 6, EV 85.6 MPH)
|
Batting: RHB Ricky Mejicanos
|
0-0: Ground out 5-3 (Groundball, 56, EV 83.1 MPH)
|
Batting: LHB Dave Hicks
|
0-0: Ball 1-0: Called Strike 1-1: Fly out, F3 (Line Drive, 34, EV 65.6 MPH)
|
Bottom of the 1st over - 0 runs, 0 hits, 0 errors, 0 left on base; Charleston 0 - Burlington 0 |
TOP OF THE 2ND |
Charleston RiverDogs batting - Pitching for Burlington Bees : RHP Chris Adams
|
Batting: LHB Dale Anderson
|
0-0: Foul Ball, location: 2F 0-1: Swinging Strike 0-2: Foul Ball, location: 2F 0-2: Ground out 6-3 (Groundball, 56, EV 90.0 MPH)
|
Batting: LHB Marc Durgin
|
0-0: Called Strike 0-1: Ball 1-1: Called Strike 1-2: Strikes out swinging
|
Batting: RHB Jonathan Iniguez
|
0-0: Ball 1-0: Called Strike 1-1: Foul Ball, location: 2F 1-2: Ball 2-2: Fly out, F7 (Line Drive, 7, EV 88.1 MPH)
|
Top of the 2nd over - 0 runs, 0 hits, 0 errors, 0 left on base; Charleston 0 - Burlington 0 |
BOTTOM OF THE 2ND |
Burlington Bees batting - Pitching for Charleston RiverDogs : RHP Willie Perez
|
Batting: RHB Kyler Seitz
|
0-0: Foul Ball, location: 2F 0-1: Ball 1-1: Swinging Strike 1-2: Foul Ball, location: 2F 1-2: Foul Ball, location: 2F 1-2: Ball 2-2: Foul Ball, location: 2F 2-2: Foul Ball, location: 2F 2-2: Ball 3-2: Strikes out swinging
|
Batting: RHB Peter Westover
|
0-0: Called Strike 0-1: Ball 1-1: Foul Ball, location: 2F 1-2: TRIPLE (Flyball, 78XD, EV 100.0 MPH)
|
Batting: RHB Danny Bjarnson
|
0-0: Called Strike 0-1: Swinging Strike 0-2: Ground out 3-1 (Groundball, 34, EV 78.8 MPH) Peter Westover scores
|
Batting: LHB Mutsuo IIda
|
0-0: Ball 1-0: Called Strike 1-1: Called Strike 1-2: Ball 2-2: Strikes out looking
|
Bottom of the 2nd over - 1 run, 1 hit, 0 errors, 0 left on base; Charleston 0 - Burlington 1 |
TOP OF THE 3RD |
Charleston RiverDogs batting - Pitching for Burlington Bees : RHP Chris Adams
|
Batting: RHB Nate Singleton
|
0-0: Called Strike 0-1: Foul Ball, location: 2F 0-2: Ball 1-2: SINGLE (Line Drive, 9S, EV 100.6 MPH)
|
Batting: RHB Matt Alderson
|
0-0: Called Strike 0-1: Ball 1-1: Ball 2-1: Foul Ball, location: 2F 2-2: SINGLE (Groundball, 56D, EV 103.1 MPH) Nate Singleton to second
|
Batting: RHB Louwe Starmans
|
0-0: Called Strike 0-1: Swinging Strike 0-2: Ball 1-2: Ball 2-2: Ground out 5-3 (Groundball, 56S, EV 66.2 MPH) Nate Singleton to third Matt Alderson to second
|
Batting: LHB Justin O'Neal
|
0-0: Ball 1-0: Swinging Strike 1-1: Foul Ball, location: 2F 1-2: Strikes out swinging
|
Batting: SHB Corey Penson
|
0-0: Ball 1-0: Called Strike 1-1: Ground out U3 (Groundball, 3, EV 104.4 MPH)
|
Top of the 3rd over - 0 runs, 2 hits, 0 errors, 2 left on base; Charleston 0 - Burlington 1 |
BOTTOM OF THE 3RD |
Burlington Bees batting - Pitching for Charleston RiverDogs : RHP Willie Perez
|
Batting: RHB Dean LeCroy
|
0-0: Ground out 6-3 (Groundball, 6, EV 80.0 MPH)
|
Batting: SHB Tim Connell
|
0-0: Ball 1-0: Called Strike 1-1: Ground out U3 (Groundball, 34, EV 80.6 MPH)
|
Batting: RHB Nick Lombardo
|
0-0: Called Strike 0-1: Foul Ball, location: 2F 0-2: Strikes out looking
|
Bottom of the 3rd over - 0 runs, 0 hits, 0 errors, 0 left on base; Charleston 0 - Burlington 1 |
TOP OF THE 4TH |
Charleston RiverDogs batting - Pitching for Burlington Bees : RHP Chris Adams
|
Batting: LHB Steve LeGrand
|
0-0: Ground out 4-3 (Groundball, 4, EV 83.8 MPH)
|
Batting: LHB Dale Anderson
|
0-0: Called Strike 0-1: Swinging Strike 0-2: Ball 1-2: Ball 2-2: Strikes out swinging
|
Batting: LHB Marc Durgin
|
0-0: SINGLE (Groundball, 4M, EV 108.1 MPH) (infield hit)
|
Batting: RHB Jonathan Iniguez
|
0-0: SINGLE (Groundball, 4MD, EV 105.6 MPH) Marc Durgin to second Runner from 2nd tries for 3rd, SAFE, throw by CF made to third
|
Batting: RHB Nate Singleton
|
0-0: Ball 1-0: Swinging Strike 1-1: SINGLE (Groundball, 5S, EV 66.9 MPH) (infield hit) Marc Durgin scores Jonathan Iniguez to second
|
Batting: RHB Matt Alderson
|
0-0: Called Strike 0-1: Ball 1-1: Foul Ball, location: 2F 1-2: Fly out, F9 (Flyball, 89M, EV 86.2 MPH)
|
Top of the 4th over - 1 run, 3 hits, 0 errors, 2 left on base; Charleston 1 - Burlington 1 |
BOTTOM OF THE 4TH |
Burlington Bees batting - Pitching for Charleston RiverDogs : RHP Willie Perez
|
Batting: RHB Ricky Mejicanos
|
0-0: Foul Ball, location: 2F 0-1: Swinging Strike 0-2: Ball 1-2: Ball 2-2: Strikes out swinging
|
Batting: LHB Dave Hicks
|
0-0: Called Strike 0-1: Swinging Strike 0-2: Strikes out looking
|
Batting: RHB Kyler Seitz
|
0-0: Called Strike 0-1: Ball 1-1: Called Strike 1-2: Ball 2-2: Fly out, F2 (Popup, 3SF, EV 79.4 MPH)
|
Bottom of the 4th over - 0 runs, 0 hits, 0 errors, 0 left on base; Charleston 1 - Burlington 1 |
TOP OF THE 5TH |
Charleston RiverDogs batting - Pitching for Burlington Bees : RHP Chris Adams
|
Batting: RHB Louwe Starmans
|
0-0: Ball 1-0: Foul Ball, location: 2F 1-1: Ball 2-1: Fly out, F9 (Flyball, 9LS, EV 87.5 MPH)
|
Batting: LHB Justin O'Neal
|
0-0: Ball 1-0: Ball 2-0: Called Strike 2-1: Foul Ball, location: 2F 2-2: Ground out U3 (Groundball, 3, EV 104.4 MPH)
|
Batting: SHB Corey Penson
|
0-0: Called Strike 0-1: Ball 1-1: Ground out U3 (Groundball, 3, EV 79.4 MPH)
|
Top of the 5th over - 0 runs, 0 hits, 0 errors, 0 left on base; Charleston 1 - Burlington 1 |
BOTTOM OF THE 5TH |
Burlington Bees batting - Pitching for Charleston RiverDogs : RHP Willie Perez
|
Batting: RHB Peter Westover
|
0-0: Ball 1-0: Called Strike 1-1: Foul Ball, location: 2F 1-2: Foul Ball, location: 2F 1-2: Ground out 6-3 (Groundball, 56, EV 83.1 MPH)
|
Batting: RHB Danny Bjarnson
|
0-0: Called Strike 0-1: Foul Ball, location: 2F 0-2: Ball 1-2: Ground out 6-3 (Groundball, 6M, EV 88.1 MPH)
|
Batting: LHB Mutsuo IIda
|
0-0: Called Strike 0-1: Foul Ball, location: 2F 0-2: Strikes out swinging
|
Bottom of the 5th over - 0 runs, 0 hits, 0 errors, 0 left on base; Charleston 1 - Burlington 1 |
TOP OF THE 6TH |
Charleston RiverDogs batting - Pitching for Burlington Bees : RHP Chris Adams
|
Batting: LHB Steve LeGrand
|
0-0: Called Strike 0-1: Ball 1-1: Ball 2-1: Foul Ball, location: 2F 2-2: Foul Ball, location: 2F 2-2: Foul Ball, location: 2F 2-2: Strikes out swinging
|
Batting: LHB Dale Anderson
|
0-0: Ball 1-0: Ball 2-0: Called Strike 2-1: Ball 3-1: Called Strike 3-2: Foul Ball, location: 2F 3-2: Base on Balls
|
Pitching: RHP Devin Spears
|
|
Batting: LHB Marc Durgin
|
0-0: Ball 1-0: Fly out, F8 (Flyball, 8RM, EV 91.2 MPH)
|
Batting: RHB Jonathan Iniguez
|
0-0: Called Strike 0-1: Ball 1-1: Ball 2-1: Foul Ball, location: 2F 2-2: Fly out, F9 (Flyball, 89M, EV 91.2 MPH)
|
Top of the 6th over - 0 runs, 0 hits, 0 errors, 1 left on base; Charleston 1 - Burlington 1 |
BOTTOM OF THE 6TH |
Burlington Bees batting - Pitching for Charleston RiverDogs : RHP Willie Perez
|
Batting: RHB Dean LeCroy
|
0-0: DOUBLE (Line Drive, 3D, EV 95.0 MPH)
|
Batting: SHB Tim Connell
|
0-0: Ball 1-0: Ball Dean LeCroy is caught stealing 3rd base 2-5 2-0: Ball 3-0: Base on Balls
|
Batting: RHB Nick Lombardo
|
0-0: Ball Tim Connell is caught stealing 2nd base 2-4 1-0: Foul Ball, location: 2F 1-1: Foul Ball, location: 2F 1-2: Strikes out looking
|
Bottom of the 6th over - 0 runs, 1 hit, 0 errors, 0 left on base; Charleston 1 - Burlington 1 |
TOP OF THE 7TH |
Charleston RiverDogs batting - Pitching for Burlington Bees : RHP Devin Spears
|
Batting: RHB Nate Singleton
|
0-0: Ground out 5-3 (Groundball, 56, EV 108.8 MPH)
|
Batting: RHB Matt Alderson
|
0-0: Ball 1-0: Swinging Strike 1-1: Ball 2-1: Called Strike 2-2: Foul Ball, location: 2F 2-2: Strikes out swinging
|
Pinch Hitting: LHB Ernesto Abreu
|
0-0: Ball 1-0: Fly out, F7 (Flyball, 78M, EV 91.2 MPH)
|
Top of the 7th over - 0 runs, 0 hits, 0 errors, 0 left on base; Charleston 1 - Burlington 1 |
BOTTOM OF THE 7TH |
Burlington Bees batting - Pitching for Charleston RiverDogs : RHP Willie Perez
|
Now at 3B: Lorenzo Vasquez
|
|
Batting: RHB Ricky Mejicanos
|
0-0: Ball 1-0: Ball 2-0: Fly out, F8 (Flyball, 8LD, EV 96.2 MPH)
|
Batting: LHB Dave Hicks
|
0-0: Ball 1-0: Ball 2-0: Fly out, F6 (Popup, 6MS, EV 66.9 MPH)
|
Batting: RHB Kyler Seitz
|
0-0: Called Strike 0-1: Foul Ball, location: 2F 0-2: Foul Ball, location: 2F 0-2: Ground out 5-3 (Groundball, 56, EV 88.8 MPH)
|
Bottom of the 7th over - 0 runs, 0 hits, 0 errors, 0 left on base; Charleston 1 - Burlington 1 |
TOP OF THE 8TH |
Charleston RiverDogs batting - Pitching for Burlington Bees : RHP Devin Spears
|
Batting: LHB Justin O'Neal
|
0-0: Swinging Strike 0-1: Ball 1-1: Fly out, F6 (Popup, 6S, EV 63.8 MPH)
|
Batting: SHB Corey Penson
|
0-0: Ball 1-0: SINGLE (Groundball, 6MD, EV 108.1 MPH)
|
Batting: LHB Steve LeGrand
|
0-0: Fly out, F7 (Flyball, 78S, EV 81.2 MPH)
|
Batting: LHB Dale Anderson
|
0-0: Foul Ball, location: 2F 0-1: Fielders Choice at 2nd, U4 (Groundball, 4M, EV 103.8 MPH)
|
Top of the 8th over - 0 runs, 1 hit, 0 errors, 1 left on base; Charleston 1 - Burlington 1 |
BOTTOM OF THE 8TH |
Burlington Bees batting - Pitching for Charleston RiverDogs : RHP Willie Perez
|
Batting: RHB Peter Westover
|
0-0: Ball 1-0: Called Strike 1-1: Foul Ball, location: 2F 1-2: Strikes out swinging
|
Batting: RHB Danny Bjarnson
|
0-0: Ball 1-0: Ball 2-0: Ball 3-0: Called Strike 3-1: Called Strike 3-2: Base on Balls
|
Batting: LHB Mutsuo IIda
|
0-0: Called Strike 0-1: Ball 1-1: Swinging Strike 1-2: Strikes out looking
|
Pitching: RHP Khayyat bin Faruq
|
|
Batting: RHB Dean LeCroy
|
0-0: Fly out, F5 (Popup, 56, EV 63.1 MPH)
|
Bottom of the 8th over - 0 runs, 0 hits, 0 errors, 1 left on base; Charleston 1 - Burlington 1 |
TOP OF THE 9TH |
Charleston RiverDogs batting - Pitching for Burlington Bees : RHP Devin Spears
|
Pitching: RHP Josh Reynolds
|
|
Batting: LHB Marc Durgin
|
0-0: Foul Ball, location: 2F 0-1: Ball 1-1: Called Strike 1-2: Strikes out looking
|
Batting: RHB Jonathan Iniguez
|
0-0: Ground out 3-1 (Groundball, 34D, EV 98.8 MPH)
|
Pinch Hitting: LHB Jeremiah Walker
|
0-0: Called Strike 0-1: Ball 1-1: Foul Ball, location: 2F 1-2: SOLO HOME RUN (Line Drive, 78XD, EV 102.5 MPH), Distance : 410 ft
|
Batting: RHB Matt Alderson
|
0-0: Ball 1-0: Fly out, F8 (Line Drive, 8RM, EV 90.0 MPH)
|
Top of the 9th over - 1 run, 1 hit, 0 errors, 0 left on base; Charleston 2 - Burlington 1 |
BOTTOM OF THE 9TH |
Burlington Bees batting - Pitching for Charleston RiverDogs : RHP Khayyat bin Faruq
|
Now at SS: Mike Zern
|
|
Batting: SHB Tim Connell
|
0-0: Swinging Strike 0-1: Ball 1-1: Foul Ball, location: 2F 1-2: Ball 2-2: Ball 3-2: Base on Balls
|
Batting: RHB Nick Lombardo
|
0-0: Ball 1-0: Swinging Strike 1-1: Foul Ball, location: 2F 1-2: Ball 2-2: Strikes out swinging
|
Batting: RHB Ricky Mejicanos
|
0-0: Ball 1-0: Swinging Strike 1-1: Called Strike 1-2: Ball 2-2: Ball 3-2: SINGLE (Groundball, 6S, EV 70.6 MPH) (infield hit) Tim Connell to second
|
Batting: LHB Dave Hicks
|
0-0: Called Strike 0-1: Foul Ball, location: 2F 0-2: Strikes out swinging
|
Batting: RHB Kyler Seitz
|
0-0: Ball 1-0: Ground out 6-3 (Groundball, 6D, EV 101.2 MPH)
|
Bottom of the 9th over - 0 runs, 1 hit, 0 errors, 2 left on base; Charleston 2 - Burlington 1 |
|